 Dungeon Crawl Stone Soup version 0.31-a0-968-g24f9ace8b5 (webtiles) character file.

Game seed: 10924446129579430132

820 Gladio the Ruffian (level 7, -2/37 HPs)
             Began as a Vine Stalker Gladiator on Oct 27, 2023.
             Splashed by a jelly's acid (6 damage)
             ... on level 5 of the Dungeon.
             The game lasted 00:06:37 (3003 turns).

Gladio the Ruffian (Vine Stalker Gladiator)         Turns: 3003, Time: 00:06:39

Health: -2/37      AC: -6    Str: 18    XL:     7   Next: 95%
Magic:  0/17       EV: 13    Int:  8    God:
Gold:   180        SH:  0    Dex: 16    Spells: 6/6 levels left

rFire   . . .        f - +2 dagger (venom)
rCold   . . .        (no shield)
rNeg    . . .        y - +0 troll leather armour
rPois   .            b - +0 helmet
rElec   .            (no cloak)
rCorr   .            k - +0 pair of gloves
SInv    +            (no boots)
Will    .....        (no amulet)
Stlth   +            g - ring of see invisible
HPRegen 1.86/turn    w - ring of magical power
MPRegen 0.15/turn

%: guardian spirit
@: corroded, invisible
A: fangs 2, regeneration 1, magic shield, antimagic bite, no potion heal 2
a: no special abilities


You were on level 5 of the Dungeon.
You visited 1 branch of the dungeon, and saw 5 of its levels.

You collected 250 gold pieces.
You spent 70 gold pieces at shops.

Inventory:

Hand Weapons
 f - a +2 dagger of venom (weapon)
 D - a +0 triple sword
Missiles
 c - 3 throwing nets (quivered)
 d - 3 javelins
Armour
 a - a +0 leather armour
 b - a +0 helmet (worn)
 h - a +0 ring mail
 k - a +0 pair of gloves (worn)
 u - a +0 scale mail
 y - a +0 troll leather armour (worn)
Jewellery
 g - a ring of see invisible (left hand)
 w - a ring of magical power (right hand)
Wands
 l - a wand of polymorph (7)
 t - a wand of paralysis (11)
 B - a wand of flame (11)
Scrolls
 i - a scroll of vulnerability {unknown}
 m - a scroll of noise
 p - a scroll of identify
 r - 2 scrolls of teleportation
 v - a scroll of immolation {unknown}
 x - a scroll of poison {unknown}
 z - 2 scrolls of fog {unknown}
Potions
 e - a potion of brilliance {unknown}
 j - a potion of haste {unknown}
 n - a potion of lignification {unknown}
 o - 2 potions of heal wounds
 s - a potion of might {unknown}
 A - a potion of ambrosia {unknown}


   Skills:
 + Level 4.0 Fighting
 * Level 2.0 Long Blades
 - Level 1.7 Throwing
 + Level 3.1 Armour
 + Level 3.4 Dodging
 - Level 5.9 Unarmed Combat


You had 6 spell levels left.
You didn't know any spells.
Your spell library was empty.

Dungeon Overview and Level Annotations

Branches:
Dungeon (5/15)
 Temple: D:4-7

Altars:
Zin
The Shining One

Shops:
D:1 :   D:4 :   D:5 *


Innate Abilities, Weirdness & Mutations

You have extremely sharp teeth.
Your natural rate of healing is unusually fast.
When hurt, damage is shared between your health and your magic reserves.
Your bite disrupts and absorbs the magic of your enemies.
Potions cannot restore your health.


Message History

Things that are here:
a killer bee corpse; a killer bee corpse You hit the jelly.
Your hands burn!
The jelly is lightly wounded.
You feel sick. The jelly completely misses you.
You hit the jelly. The acid corrodes you!
Your hands burn!
The jelly is moderately wounded.
You feel sick. The jelly hits you.
You are splashed with acid!
You hit the jelly.
Your hands burn!
You bite the jelly. You drain its power.
You feel invigorated.
The jelly is heavily wounded.
You feel sick. The jelly closely misses you.
You hit the jelly but do no damage.
Your hands burn!
You bite the jelly, but do no damage.
The jelly is heavily wounded.
You feel sick. The jelly hits you. The acid corrodes you!
You are splashed with acid!
* * * LOW HITPOINT WARNING * * *
You hit the jelly but do no damage.
Your hands burn!
* * * LOW HITPOINT WARNING * * *
You bite the jelly. You drain its power.
You feel invigorated.
The jelly is severely wounded.
You feel sick.
You are no longer poisoned.
The jelly hits you.
* * * LOW HITPOINT WARNING * * *
The acid corrodes you!
You are splashed with acid!
* * * LOW HITPOINT WARNING * * *
You hit the jelly but do no damage.
The jelly is poisoned.
Your hands burn!
* * * LOW HITPOINT WARNING * * *
The jelly is severely wounded.
The jelly misses you.
You hit the jelly but do no damage.
Your hands burn!
* * * LOW HITPOINT WARNING * * *
You bite the jelly, but do no damage.
The jelly is severely wounded.
The jelly hits you.
* * * LOW HITPOINT WARNING * * *
You are splashed with acid!
You die...

#### ..# ##.######.
#....y.... #.#...y...
#J#####.#y #@# #. #.#
#.# #. #.# #.# .. #.#
#.# ##.## . #####.#
#.# #... # #.#.>...#
#.# #..# #.#.#.#####
#.# #..#
#.....#########.# #..#
#.............#.###..#


You could see a jelly (very poisoned).

Vanquished Creatures
  Eustachio (D:4)
  An ice beast (D:5)
  A centaur (D:5)
  4 killer bees (D:5)
  An iguana (D:4)
  Ijyb (D:3)
  Terence (D:3)
  Natasha (twice) (D:3)
  Robin (D:3)
  5 adders
  3 gnolls (D:5)
  2 ufetubi (D:5)
  A worm (D:3)
  2 dart slugs (D:1)
  8 orcs
  7 bats
  5 endoplasms
  5 giant cockroaches
  10 hobgoblins
  5 jackals (D:1)
  4 quokkas
  9 ball pythons
  3 frilled lizards
  16 goblins
  7 kobolds
  7 rats
112 creatures vanquished.

Notes
Turn   | Place    | Note
-------+----------+-------------------------------------------
     0 | D:1      | Gladio the Vine Stalker Gladiator began the quest for the
                  | Orb.
     0 | D:1      | Reached XP level 1. HP: 11/11 MP: 2/2
    26 | D:1      | Found Fygag's Book Shoppe.
    61 | D:1      | Reached XP level 2. HP: 15/15 MP: 3/3
   314 | D:1      | Reached XP level 3. HP: 18/18 MP: 4/4
   765 | D:2      | Reached skill level 1 in Armour
   960 | D:2      | Reached XP level 4. HP: 21/23 MP: 2/5
  1180 | D:3      | Reached skill level 4 in Unarmed Combat
  1245 | D:3      | Noticed Natasha
  1257 | D:3      | Killed Natasha
  1330 | D:3      | Noticed Ijyb
  1343 | D:3      | Killed Ijyb
  1344 | D:3      | Reached XP level 5. HP: 27/27 MP: 4/6
  1388 | D:3      | Found a glowing golden altar of the Shining One.
  1510 | D:3      | Noticed Natasha
  1535 | D:3      | Killed Natasha
  1645 | D:3      | Noticed Terence
  1654 | D:3      | Killed Terence
  1737 | D:3      | Noticed Robin
  1763 | D:3      | Killed Robin
  1764 | D:3      | Reached XP level 6. HP: 29/32 MP: 7/7
  1837 | D:3      | Found a glowing silver altar of Zin.
  1911 | D:3      | Reached skill level 5 in Unarmed Combat
  2124 | D:4      | Noticed Eustachio
  2142 | D:4      | Killed Eustachio
  2310 | D:4      | Reached XP level 7. HP: 36/36 MP: 8/8
  2436 | D:4      | Found Ciojoih's Book Shoppe.
  2693 | D:5      | Entered Level 5 of the Dungeon
  2803 | D:5      | Found Zulyake's Lightly-Used Armoury.
  2895 | D:5      | Bought a -1 triple sword for 70 gold pieces
  2983 | D:5      | Reached skill level 1 in Long Blades
  3003 | D:5      | Splashed by a jelly's acid

Illustrated notes

Levels and vault maps discovered:
D:1:      wheals_arrival_shading, layout_loops_ring, serial_shops,
          nicolae_shop_pleasant_corner_grove
D:2:      layout_rooms
D:3:      layout_loops_cross, general_overflow_altar, zin_statuary,
          kennysheep_generic_room_5, uniq_robin, uniq_natasha, uniq_terence,
          uniq_ijyb
D:4:      layout_basic, serial_shops, shop, hangedman_decor_clover_reticule,
          uniq_eustachio
D:5:      layout_loops_ring, minmay_temple_entry_steel_oval, minmay_shop_damaged

Skill      XL: |  1  2  3  4  5  6  7 |
---------------+----------------------+-----
Fighting       | 2 3 4 |  4.0
Armour         | 1 2 3 |  3.1
Unarmed Combat | 4 5 |  5.9
Dodging        | 3 |  3.4
Long Blades    | 2 |  2.0
Throwing       | |  1.7

Action                     |  1- 3 |  4- 6 |  7- 9 || total
---------------------------+-------+-------+-------++-------
  Melee: Unarmed           |    51 |       |       ||    51
         Bite              |    18 |    49 |    21 ||    88
         Punch             |     4 |     5 |     5 ||    14
         Dagger            |    35 |   140 |    64 ||   239
         Triple sword      |       |       |    11 ||    11
  Evoke: Wand              |       |     1 |       ||     1
    Use: Scroll            |       |     6 |     1 ||     7
         Potion            |       |       |     2 ||     2
   Stab: Invisible         |       |       |     3 ||     3
         Sleeping          |       |       |     1 ||     1
 Armour: Leather armour    |    20 |       |       ||    20
         Ring mail         |    16 |    10 |       ||    26
         Scale mail        |       |    52 |       ||    52
         Troll leather arm |       |    54 |    61 ||   115
  Dodge: Dodged            |    49 |    98 |    86 ||   233

Table legend: (Time is in decaauts)
 A = Elapsed time spent in this place.
 B = Non-inter-level travel time spent in this place.
 C = Inter-level travel time spent in this place.
 D = Time resting spent in this place.
 E = Time spent auto-exploring this place.
 F = Levels seen in this place.
 G = Mean time per level.
                   A        B        C        D        E       F      G
               +--------+--------+--------+--------+--------+-----+--------+
         Total |   3010 |   2806 |    204 |     13 |   2148 |   5 |  602.0 |
       Dungeon |   3010 |   2806 |    204 |     13 |   2148 |   5 |  602.0 |
               +--------+--------+--------+--------+--------+-----+--------+

Top non-repeatable levels by time:
     D:3: 871 daAuts
     D:1: 754 daAuts
     D:4: 652 daAuts
     D:2: 414 daAuts
     D:5: 316 daAuts
